 Dungeon Crawl Stone Soup version 0.19.1 (webtiles) character file.

477 ahtar the Insei (level 6, -7/44 HPs)
             Began as a Demonspawn Monk on Dec 2, 2016.
             Mangled by a wight
             ... wielding a +4 spear
              (8 damage)
             ... on level 6 of the Dungeon.
             The game lasted 00:13:29 (5378 turns).

ahtar the Insei (Demonspawn Monk)                   Turns: 5378, Time: 00:13:30

Health: -7/44      AC:  4    Str: 12      XL:     6   Next: 85%
Magic:  6/6        EV: 13    Int: 13 (14) God:
Gold:   177        SH:  0    Dex: 15 (16) Spells: 0 memorised, 5 levels left

rFire  . . .     SeeInvis .       - Unarmed
rCold  + . .     Gourm    .     a - +0 robe
rNeg   . . .     Faith    .     (no shield)
rPois  +         Spirit   .     (helmet restricted)
rElec  .         Reflect  .     (no cloak)
rCorr  .         Harm     .     (no gloves)
MR     .....                    (no boots)
Stlth  ++........               (no amulet)
                                p - ring of ice
                                m - ring of poison resistance

@: heavily drained
A: antennae 2, iridescent scales 1, clever 1, deterioration 1, fire resistance
1, frail 1
a: no special abilities


You were on level 6 of the Dungeon.
You were near starving.

You visited 1 branch of the dungeon, and saw 5 of its levels.

You collected 177 gold pieces.

Inventory:

Armour
 a - a +0 robe (worn)
Jewellery
 i - a +2 ring of dexterity {unknown}
 m - a ring of poison resistance (left hand)
 p - a ring of ice (right hand)
 t - a cursed ring of teleportation {unknown}
Scrolls
 f - 3 scrolls of remove curse
 j - a scroll of amnesia {unknown}
 k - a scroll of enchant weapon {unknown}
 l - a scroll of recharging {unknown}
 n - 2 scrolls of fear {unknown}
 q - 2 scrolls of teleportation
 v - a scroll of fog {unknown}
 w - a scroll of magic mapping {unknown}
Potions
 c - 2 potions of degeneration
 d - a potion of resistance {unknown}
 e - a potion of mutation
 g - a potion of flight {unknown}
 h - a potion of agility {unknown}
 o - 2 potions of heal wounds {unknown}
 r - 3 potions of cancellation
 s - 3 potions of might {unknown}
Comestibles
 b - a bread ration
 u - a meat ration


   Skills:
 + Level 4.4(2.9) Fighting
 - Level 3.9(2.4) Dodging
 + Level 3.5(2.1) Stealth
 * Level 4.9(3.4) Unarmed Combat


You had 5 spell levels left.
You didn't know any spells.

Dungeon Overview and Level Annotations

Branches:
Dungeon (6/15)
 Temple: D:4-7

Altars:
Cheibriados

Annotations:
D:2 Robin
D:3 Schimscham's ghost, amateur DgAE
D:6 2 runed doors


Innate Abilities, Weirdness & Mutations

You have a pair of antennae on your head.
You are partially covered in iridescent scales. (AC +2)
Your mind is acute. (Int +2)
Your body sometimes deteriorates upon taking damage.
Your flesh is heat resistant. (rF+)
You are frail. (-10% HP)


Message History

You closely miss the wight.
The wight is lightly damaged.
The wight closely misses you.
You hit the wight but do no damage.
The wight is lightly damaged.
You are near starving!
The wight hits you but does no damage.
You hit the wight but do no damage.
The wight is lightly damaged.
The wight hits you with an enchanted spear!
* * * LOW HITPOINT WARNING * * *
You feel drained.
* * * LOW HITPOINT WARNING * * *
You hit the wight but do no damage.
The wight is lightly damaged.
The wight barely misses you.
You hit the wight but do no damage.
The wight is lightly damaged.
The wight hits you with an enchanted spear!
You die...

{ {{ ###### {
##.@z|# {
#..#######
#.##.#)'.##++##..
#.#.#.)#........#
#.####.#.########
##....##.######
######.......#
.........###.#
#.......## #.#


You could see a wight.

Vanquished Creatures
  2 centaurs (D:5)
  A scorpion (D:5)
  2 crimson imps
  A bullfrog zombie (D:5)
  An orc wizard (D:6)
  A centaur skeleton (D:6)
  A worker ant (D:5)
  4 adders
  A worm (D:2)
  A dart slug (D:1)
  2 leopard geckos
  An orc (D:6)
  15 goblins
  7 hobgoblins
  A quokka (D:2)
  5 bats
  2 frilled lizards
  4 kobolds
  4 rats
56 creatures vanquished.

Notes
Turn   | Place    | Note
-------+----------+-------------------------------------------
     0 | D:1      | ahtar the Demonspawn Monk began the quest for the Orb.
     0 | D:1      | Reached XP level 1. HP: 18/18 MP: 1/1
   402 | D:1      | Gained mutation: You are partially covered in iridescent scales. (AC +2) [demonic ancestry]
   402 | D:1      | Reached XP level 2. HP: 22/24 MP: 2/2
  1664 | D:2      | Reached XP level 3. HP: 12/29 MP: 3/3
  2103 | D:3      | Noticed Robin
  2480 | D:3      | Noticed Schimscham's ghost (amateur DgAE)
  2493 | D:2      | Gained mutation: You are frail. (-10% HP) [potion of mutation]
  2493 | D:2      | Gained mutation: Your body sometimes deteriorates upon taking damage. [potion of mutation]
  2493 | D:2      | Gained mutation: Your mind is acute. (Int +2) [potion of mutation]
  3277 | D:3      | You fall through a shaft for 2 floors!
  3277 | D:5      | Entered Level 5 of the Dungeon
  3406 | D:5      | Noticed a centaur
  3425 | D:5      | Killed a centaur
  3425 | D:5      | Reached XP level 4. HP: 5/32 MP: 4/4
  3425 | D:5      | Gained mutation: You have a pair of small antennae on your head. [demonic ancestry]
  3425 | D:5      | Reached XP level 5. HP: 6/36 MP: 5/5
  3960 | D:5      | Noticed a centaur
  3985 | D:5      | Killed a centaur
  3985 | D:5      | Reached XP level 6. HP: 8/43 MP: 6/6
  4763 | D:5      | Gained mutation: You have a pair of antennae on your head. [potion of mutation]
  4763 | D:5      | Gained mutation: Your flesh is heat resistant. (rF+) [potion of mutation]
  4775 | D:5      | Found a snail-covered altar of Cheibriados.
  5184 | D:6      | Found a large runed door.
  5184 | D:6      | Found a large runed door.
  5376 | D:6      | HP: 1/44 [wight/enchanted spear (2)]
  5378 | D:6      | Mangled by a wight

Skill      XL: |  1  2  3  4  5 |
---------------+----------------+-----
Unarmed Combat | 3 4 |  4.9
Stealth        | 2 3 |  3.5
Dodging        | 3 |  3.9
Fighting       | 4 |  4.4

Action                   |  1- 3 |  4- 6 || total
-------------------------+-------+-------++-------
Melee: Unarmed           |   210 |   235 ||   445
       Punch             |     3 |     4 ||     7
  Use: Scroll            |     2 |     2 ||     4
       Potion            |     3 |     1 ||     4
 Stab: Sleeping          |     6 |     1 ||     7
       Distracted        |     1 |     1 ||     2
  Eat: Chunk             |     3 |     4 ||     7
       Bread ration      |     1 |       ||     1
       Beef jerky        |       |     1 ||     1
Armor: Robe              |    46 |    37 ||    83
Dodge: Dodged            |   141 |   129 ||   270
